Map: Terrasses de Prion

Players

Worming - Winner!

  • Race: Zerg Zerg
  • League: Diamond

Ramzai

  • Race: Zerg Zerg

VOD

Have the link to the VOD?

Description

Time

  • Played on: Nov. 15, 2015, 8:44 a.m.
  • Length: 7:10
Show
View Real Time Build Order
Export as new Build Order

Worming Zerg - Winner!

Build Orders: Hatch First 

Get SALT Encoding   

  12  0:01  Drone  
  13  0:13  Overlord  
  13  0:18  Drone  
  14  0:31  Drone x2  
  14  0:35  Drone  
  17  0:53  Hatchery  
  17  0:56  Drone  
  17  1:05  Drone  
  17  1:06  Extractor  
  17  1:16  Spawning Pool  
  17  1:18  Drone  
  17  1:21  Drone  
  18  1:33  Drone  
  18  1:39  Drone  
  20  1:50  Drone  
  21  2:04  Queen, Zergling x2  
  21  2:05  Queen  
  21  2:06  Drone  
  27  2:10  Metabolic Boost  
  27  2:13  Overlord  
  27  2:15  Drone  
  28  2:33  Baneling Nest, Drone x3  
  30  2:40  Drone  
  30  2:53  Overlord  
  30  2:54  Zergling x2  
  31  3:02  Zergling x4  
  33  3:06  Spine Crawler  
  33  3:07  Zergling x2  
  33  3:12  Zergling x2  
  34  3:15  Spine Crawler  
  34  3:16  Baneling  
  33  3:21  Zergling x8  
  33  3:24  Baneling  
  33  3:25  Queen  
  39  3:33  Zergling x4  
  39  3:34  Zergling x2  
  42  3:41  Drone x2  
  44  3:50  Overlord  
  44  3:55  Baneling x3  
  44  4:00  Overlord  
  44  4:08  Drone x7  
  51  4:17  Drone  
  52  4:24  Extractor  
  52  4:30  Hatchery  
  50  4:33  Lair  
  50  4:34  Drone x3  
  50  4:36  Drone  
  50  4:38  Drone  
  55  4:41  Overlord  
  55  5:00  Roach Warren  
  55  5:04  Drone x2, Extractor  
  55  5:05  Drone  
  56  5:08  Drone x4  
  56  5:11  Drone x3, Extractor  
  56  5:12  Overlord  
  62  5:14  Overlord  
  62  5:26  Overlord x2  
  62  5:44  Roach x5  
  66  5:53  Roach  
  66  5:54  Roach x2  
  66  6:15  Roach x4  
  66  6:16  Roach  
  72  6:22  Roach x2  
  74  6:27  Roach  
  76  6:34  Roach x4  
  76  6:37  Ravager x2  
  76  6:38  Ravager  
  87  6:43  Evolution Chamber  
Show
View Real Time Build Order
Export as new Build Order

Ramzai Zerg 

Build Orders: Pool First 

Get SALT Encoding   

  12  0:01  Drone  
  13  0:08  Drone  
  14  0:17  Overlord  
  14  0:36  Drone x3  
  14  0:39  Extractor  
  16  0:47  Drone  
  17  0:50  Spawning Pool  
  16  0:58  Drone  
  17  1:19  Hatchery  
  17  1:21  Drone  
  18  1:25  Drone  
  18  1:30  Drone  
  19  1:41  Queen  
  21  1:48  Metabolic Boost  
  21  1:56  Overlord  
  21  1:59  Zergling x2  
  22  2:16  Zergling x4  
  22  2:17  Baneling Nest  
  23  2:23  Zergling x2  
  23  2:27  Queen  
  26  2:36  Drone  
  27  2:37  Drone  
  27  2:45  Drone x2  
  27  2:50  Drone  
  27  2:51  Drone x2  
  32  2:56  Overlord  
  32  3:00  Drone  
  33  3:06  Zergling x2  
  33  3:11  Zergling x2  
  35  3:19  Zergling x2  
  36  3:21  Zergling x2  
  36  3:25  Zergling x2  
  37  3:29  Spine Crawler  
  37  3:32  Drone x2  
  38  3:34  Roach Warren  
  38  3:38  Baneling  
  38  3:39  Baneling  
  37  3:55  Zergling x4  
  39  4:00  Zergling x6  
  39  4:02  Baneling x3, Spine Crawler  
  41  4:21  Drone  
  41  4:22  Drone x2, Overlord  
  44  4:25  Lair  
  44  4:36  Overlord  
  44  4:37  Extractor  
  44  4:38  Evolution Chamber  
  42  4:49  Roach x4  
  42  4:50  Roach  
  52  4:56  Roach  
  52  4:59  Roach x2  
  58  5:01  Overlord  
  58  5:06  Drone x2  
  60  5:09  Overlord  
  60  5:17  Overlord  
  62  5:21  Roach x2  
  65  5:35  Ravager  
  65  5:49  Roach x5  
  73  5:50  Zergling x4  
  75  6:10  Roach x4  
  83  6:13  Roach  
  79  6:21  Roach  
  79  6:24  Roach  
  79  6:28  Drone x2  
  79  6:40  Drone x2  
Tags
 
Add a new tag
Caveats
  • Supply blocks, unpowered buildings, or Contaminate may cause inaccurate times.
  • Supply counts are checked every 10 seconds.